 Dungeon Crawl Stone Soup version 0.31-a0-177-g4aa6249778 (webtiles) character file.

Game seed: 15089796904704890743

756 TittyCrusher the Vexing (level 7, -1/41 HPs)
             Began as an Octopode Conjurer on June 18, 2023.
             Was a Believer of Vehumet.
             Succumbed to Duvessa's poison
             ... on level 5 of the Dungeon.
             The game lasted 00:19:01 (4624 turns).

TittyCrusher the Vexing (Octopode Conjurer)         Turns: 4624, Time: 00:19:02

Health: -1/41      AC:  1    Str:  9      XL:     7   Next: 79%
Magic:  3/13       EV: 12    Int: 20      God:    Vehumet [**....]
Gold:   162        SH:  0    Dex:  6 (10) Spells: 4/14 levels left

rFire   . . .        a - +2 short sword (elec)
rCold   . . .        (no shield)
rNeg    . . .        (helmet restricted)
rPois   .            (no amulet)
rElec   .            i - ring of flight
rCorr   .            (no ring)
SInv    .            (no ring)
Will    .....        (no ring)
Stlth   +++          (no ring)
HPRegen 0.26/turn    (no ring)
MPRegen 0.13/turn    (no ring)
                     (no ring)

%: no passive effects
@: lethally poisoned (-1 -> -25), flying, hasted, very quick
A: almost no armour, amphibious, 8 rings, camouflage 1, gelatinous body 1,
(nimble swimmer 1), tentacles
a: Renounce Religion


You were on level 5 of the Dungeon.
You worshipped Vehumet.
Vehumet was pleased with you.
You visited 1 branch of the dungeon, and saw 5 of its levels.

You collected 162 gold pieces.

Inventory:

Hand Weapons
 a - a +2 short sword of electrocution (weapon)
 f - a +0 dagger
 h - a +0 spear
 o - a +1 quarterstaff
Missiles
 e - 15 stones (quivered)
Jewellery
 i - a ring of flight (left tentacle)
Potions
 c - a potion of mutation
 l - a potion of magic
 m - a potion of cancellation
 n - a potion of resistance {unknown}
 r - 2 potions of berserk rage {unknown}
 t - a potion of brilliance {unknown}


   Skills:
 - Level 2.0 Dodging
 - Level 2.6 Stealth
 - Level 4.3 Spellcasting
 + Level 5.6 Conjurations
 + Level 5.8 Hexes


You had 4 spell levels left.
You knew the following spells:

 Your Spells              Type           Power      Damage    Failure   Level
a - Magic Dart            Conj           100%       1d8       1%          1
b - Searing Ray           Conj           52%        2d6       1%          2
c - Dazzling Flash        Conj/Hex       54%        N/A       3%          3
d - Fulminant Prism       Conj/Hex       13%        3d8       12%         4

Your spell library contained the following spells:

 Spells                   Type           Power      Damage    Failure   Level
 Poisonous Vapours        Pois/Air       8%         N/A       19%         2
 Apportation              Tloc           8%         N/A       13%         1
 Necrotise                Necr           16%        1d4       13%         1
 Summon Small Mammal      Summ           16%        N/A       13%         1
 Cigotuvi's Dreadful Rot  Necr/Pois/Air  8%         N/A       19%         2
 Iskenderun's Mystic Bla  Conj/Tloc      15%        2d5       36%         4
 Dispel Undead            Necr           4%         3d7       77%         4
 Death Channel            Necr           2%         N/A       100%        6
 Borgnjor's Revivificati  Necr           2%         N/A       100%        8
 Necromutation            Tmut/Necr      2%         N/A       100%        8
 Death's Door             Necr           2%         N/A       100%        9


Dungeon Overview and Level Annotations

Branches:
Dungeon (5/15)             Temple (0/1) D:4

Altars:
Ashenzari
Fedhas
Kikubaaqudgha
Uskayaw
Vehumet

Annotations:
D:5 Dowan, Duvessa


Innate Abilities, Weirdness & Mutations

You cannot wear most types of armour.
You are amphibious.
You can wear up to eight rings at the same time.
Your skin changes colour to match your surroundings (Stealth+).
Your rubbery body absorbs attacks. (AC +1, EV +1)
((You are camouflaged when in or above water. (Stealth+)))
You have tentacles for arms and can constrict up to eight enemies at once.


Message History

Dowan mumbles some strange words.
Dowan blinks!
Unknown command.
Unknown command.
Unknown command.
You feel yourself speed up.
* * * LOW HITPOINT WARNING * * *
You feel very sick.
Unknown command.
Unknown command.
You feel much better.
You feel sick. Duvessa closely misses you.
Unknown command.
Unknown command.
Unknown command.
You feel sick.
Unknown command.
Unknown command.
Casting: Fulminant Prism (quite dangerous; 12% risk of failure)
Confirm with . or Enter, or press ? or * to list all spells.
Casting: Dazzling Flash (dangerous; 3% risk of failure)
Press: ? - help, Dir - look around, f - activate Duvessa is dazzled.
You feel sick.
Duvessa hits you with a +3 short sword of venom.
You are more poisoned.
Unknown command.
Unknown command.
Unknown command.
Unknown command.
You feel very sick.
Unknown command.
You feel very sick.
You feel sick.
A shadow imp comes into view.
You feel sick.
Duvessa is no longer blind.
The shadow imp moves out of view.
You feel sick. Duvessa attacks as you move away!
Duvessa hits you with a +3 short sword of venom!
* * * LOW HITPOINT WARNING * * *
You are more poisoned.
You die...

,,,,**,*,.#,*#.* *,*,*****...*#.*
*,*,**,*,#..##.#
*,*,,,,,*,#..#(### *
*,*,*#..,,*#.....# *
*,*.##..,..#.....################
*,*,....#_#......e....###########
*,,,*#...,##.....####e###########
*,*,*#...##..###@####.###########
*,,,*#..÷#...###.####.e§e########
***,**,#÷÷..#......#####§§.######
*,***##..##......#####§########
*,,#.....##........###§§§§####.
#......#.##......#.###§§§§#Z###
######.#<........#.###§§§§#####
*#.###.###.###..###########
***..* #.......##.###########


You could see Duvessa (fast, inner flame).

Vanquished Creatures
  A water moccasin (D:4)
  A phantom (D:4)
  A howler monkey (D:4)
  A quasit (D:4)
  An orc priest (D:4)
  4 hounds
  3 jellies
  An iguana (D:4)
  Jessica (D:2)
  9 adders
  2 shadow imps (D:5)
  An ufetubus (D:4)
  A worm (D:3)
  4 dart slugs
  8 orcs
  7 bats
  11 endoplasms
  8 giant cockroaches
  5 goblins
  8 hobgoblins
  3 jackals (D:1)
  7 kobolds
  5 quokkas
  10 ball pythons
  2 frilled lizards
  7 rats
  A butterfly (D:4)
113 creatures vanquished.

Vanquished Creatures (others)
  A human (D:5)
  6 fulminant prisms
7 creatures vanquished.

Grand Total: 120 creatures vanquished

Notes
Turn   | Place    | Note
-------+----------+-------------------------------------------
     0 | D:1      | TittyCrusher the Octopode Conjurer began the quest for the
                  | Orb.
     0 | D:1      | Reached XP level 1. HP: 11/11 MP: 3/3
   248 | D:1      | Reached XP level 2. HP: 17/17 MP: 3/5
   390 | D:1      | Learned a level 2 spell: Searing Ray
   568 | D:1      | Reached XP level 3. HP: 21/21 MP: 3/7
  1327 | D:2      | Learned a level 3 spell: Dazzling Flash
  1438 | D:2      | Found a faded altar of an unknown god.
  1569 | D:2      | Noticed Jessica
  1574 | D:2      | Killed Jessica
  1575 | D:2      | Reached XP level 4. HP: 27/27 MP: 2/10
  1581 | D:2      | Identified the +1 ring mail "Ozxephev" {rC+ Str+6}
  1870 | D:2      | Learned a level 4 spell: Fulminant Prism
  2133 | D:2      | Reached skill level 1 in Hexes
  2167 | D:2      | Found a radiant altar of Vehumet.
  2176 | D:2      | Became a worshipper of Vehumet
  2335 | D:3      | Reached XP level 5. HP: 31/31 MP: 6/11
  2473 | D:3      | Found a blossoming altar of Fedhas.
  2708 | D:3      | Reached * piety under Vehumet
  2708 | D:3      | Offered knowledge of Shock by Vehumet.
  2746 | D:3      | Found a broken altar of Ashenzari.
  2790 | D:3      | Found a hide-covered altar of Uskayaw.
  2938 | D:4      | Found a staircase to the Ecumenical Temple.
  3077 | D:4      | Noticed a water moccasin
  3112 | D:4      | Killed a water moccasin
  3113 | D:4      | Reached XP level 6. HP: 36/36 MP: 4/12
  3379 | D:4      | Identified the +2 pair of gloves "Mecrye" {rCorr}
  3713 | D:5      | Entered Level 5 of the Dungeon
  3754 | D:5      | Reached skill level 5 in Hexes
  3754 | D:5      | Reached XP level 7. HP: 40/41 MP: 4/13
  3942 | D:4      | Reached skill level 5 in Conjurations
  4021 | D:4      | Reached ** piety under Vehumet
  4021 | D:4      | Offered knowledge of Poisonous Vapours by Vehumet.
  4129 | D:5      | Noticed Duvessa
  4561 | D:5      | Noticed Dowan
  4599 | D:5      | Found an ancient bone altar of Kikubaaqudgha.
  4601 | D:5      | Noticed a human
  4604 | D:5      | Killed a human
  4624 | D:5      | Succumbed to Duvessa's poison

Illustrated notes

Levels and vault maps discovered:
D:1:      dpeg_arrival_rooms_c, layout_loops_cross, chequers_decorated_corner,
          minmay_liquid_box
D:2:      layout_basic, shapermc_ecumenical_altar_gd, basic_altar, uniq_jessica
D:3:      layout_basic, fedhas_altar_1, trog_book, cheibrodos_ashenzari_chains,
          general_overflow_altar
D:4:      layout_gridville, minmay_temple_entry_butterflies
D:5:      layout_rooms, tgw_kikubaaqudgha, mainiacjoe_overflow_paths,
          minitemple, serial_shops, nicolae_diamond_shop, serial_demonic,
          serial_demonic_g, serial_demonic_e, serial_demonic_f,
          serial_demonic_g, minmay_ruined_shrine, uniq_prince_ribbit1,
          uniq_duvessa

Skill      XL: |  1  2  3  4  5  6  7 |
---------------+----------------------+-----
Spellcasting   | 3 4 |  4.3
Hexes          | 1 4 5 |  5.8
Conjurations   | 5 |  5.6
Dodging        | |  2.0
Stealth        | |  2.6

Action                     |  1- 3 |  4- 6 |  7- 9 || total
---------------------------+-------+-------+-------++-------
  Melee: Club              |     2 |       |       ||     2
         Dagger            |     6 |    13 |       ||    19
         Constrict         |     1 |     7 |     3 ||    11
         Punch             |     1 |     1 |       ||     2
         Tentacles         |     1 |     5 |     3 ||     9
         Short sword       |       |    12 |    13 ||    25
         Quarterstaff      |       |     1 |       ||     1
  Throw: Stone             |       |     1 |       ||     1
   Cast: Magic Dart        |    68 |    64 |       ||   132
         Searing Ray       |     1 |    22 |    10 ||    33
         Fulminant Prism   |       |     2 |     4 ||     6
         Dazzling Flash    |       |       |     2 ||     2
    Use: Scroll            |     3 |     4 |     5 ||    12
         Potion            |       |       |     6 ||     6
   Stab: Sleeping          |     4 |       |       ||     4
 Armour: Skin              |     1 |     2 |     3 ||     6
  Dodge: Dodged            |     7 |    29 |    69 ||   105

Table legend: (Time is in decaauts)
 A = Elapsed time spent in this place.
 B = Non-inter-level travel time spent in this place.
 C = Inter-level travel time spent in this place.
 D = Time resting spent in this place.
 E = Time spent auto-exploring this place.
 F = Levels seen in this place.
 G = Mean time per level.
                   A        B        C        D        E       F      G
               +--------+--------+--------+--------+--------+-----+--------+
         Total |   4628 |   4436 |    192 |    946 |   1445 |   5 |  925.6 |
       Dungeon |   4628 |   4436 |    192 |    946 |   1445 |   5 |  925.6 |
               +--------+--------+--------+--------+--------+-----+--------+

Top non-repeatable levels by time:
     D:4: 1532 daAuts
     D:1: 1178 daAuts
     D:2: 1150 daAuts
     D:3: 572 daAuts
     D:5: 194 daAuts
